 Dungeon Crawl Stone Soup version 0.31-a0-358-gac0dbeb3ab (webtiles) character file.

Game seed: 14172222352092702835

271 pokeman the Magician (level 6, 0/34 HPs)
             Began as a Deep Elf Hedge Wizard on July 25, 2023.
             Killed from afar by an orc wizard (9 damage)
             ... with a magic dart
             ... on level 4 of the Dungeon.
             The game lasted 00:06:51 (4034 turns).

pokeman the Magician (Deep Elf Hedge Wizard)        Turns: 4034, Time: 00:06:51

Health: 0/34       AC:  4    Str:  7    XL:     6   Next: 2%
Magic:  3/17       EV: 13    Int: 21    God:
Gold:   71         SH:  0    Dex: 14    Spells: 10/18 levels left

rFire   . . .        r - +2 dagger (speed)
rCold   . . .        (no shield)
rNeg    . . .        b - +0 robe
rPois   .            p - +0 helmet
rElec   .            (no cloak)
rCorr   .            l - +0 pair of gloves
SInv    .            (no boots)
Will    .....        (no amulet)
Stlth   ++           (no ring)
HPRegen 0.25/turn    (no ring)
MPRegen 0.15/turn

%: no passive effects
@: no status effects
A: no striking features
a: no special abilities


You were on level 4 of the Dungeon.
You visited 2 branches of the dungeon, and saw 5 of its levels.

You collected 123 gold pieces.
You spent 52 gold pieces at shops.

Inventory:

Hand Weapons
 r - a +2 dagger of speed (weapon)
Armour
 b - a +0 robe (worn)
 l - a +0 pair of gloves (worn)
 p - a +0 helmet (worn)
Jewellery
 t - an amulet of magic regeneration
Wands
 k - a wand of charming (9)
Scrolls
 c - 4 scrolls of identify {unknown}
 g - 3 scrolls of amnesia {unknown}
 i - a scroll of enchant weapon {unknown}
 j - 2 scrolls of teleportation {unknown}
 q - 3 scrolls of revelation {unknown}
 s - a scroll of noise {unknown}
Potions
 a - 2 potions of curing
 d - 2 potions of magic
 e - a potion of ambrosia {unknown}
 f - a potion of resistance {unknown}
 h - a potion of berserk rage {unknown}
 m - a potion of brilliance {unknown}
 n - 2 potions of lignification {unknown}
 o - 2 potions of haste {unknown}


   Skills:
 + Level 1.1 Fighting
 - Level 1.0 Armour
 - Level 3.0 Dodging
 - Level 3.0 Stealth
 * Level 6.5 Spellcasting
 + Level 3.0 Conjurations
 - Level 1.1 Summonings
 - Level 1.1 Translocations
 - Level 1.1 Air Magic
 - Level 1.0 Poison Magic
 - Level 1.0 Evocations


You had 10 spell levels left.
You knew the following spells:

 Your Spells              Type           Power      Damage    Failure   Level
a - Magic Dart            Conj           76%        1d6       2%          1
b - Mephitic Cloud        Conj/Pois/Air  14%        N/A       14%         3
c - Call Imp              Summ           22%        N/A       9%          2
d - Blink                 Tloc           22%        N/A       9%          2

Your spell library contained the following spells:

 Spells                   Type           Power      Damage    Failure   Level
 Slow                     Hex            24%        N/A       10%         1
 Cigotuvi's Dreadful Rot  Necr/Pois/Air  18%        N/A       11%         2
 Vhi's Electric Charge    Tloc/Air       22%        N/A       19%         3
 Arcjolt                  Conj/Air       7%         1d17      73%         5
 Maxwell's Capacitive Co  Air            5%         ∞         100%        8


Dungeon Overview and Level Annotations

Branches:
Dungeon (4/15)             Temple (1/1) D:4

Altars:
Ashenzari
Cheibriados
Elyvilon
Fedhas
Gozag
Makhleb
Nemelex Xobeh
Okawaru
Qazlal
Ru
Trog
Uskayaw
Zin
The Shining One

Shops:
D:2 !


Message History

Aim: an iguana (heavily wounded, confused, 100% to hit)
The magic dart hits the iguana.
The iguana is severely wounded.
Something hits you.
Unknown command.
You hear some strange, mumbled words.
A puff of flame appears from out of thin air!
The puff of flame misses you.
Found an iron altar of Okawaru.
You hit the iguana but do no damage.
The iguana is severely wounded.
You hit the iguana.
The iguana is almost dead.
You hear some strange, mumbled words.
A puff of flame appears from out of thin air!
The puff of flame hits you! The iguana barely misses you.
You hit the iguana but do no damage.
The iguana is almost dead.
The orc wizard barely misses you.
Found 7 gold pieces.
The iguana barely misses you.
The orc wizard gestures at you while chanting.
The puff of flame hits you!
Casting: Magic Dart (safe; 2% risk of failure)
Confirm with . or Enter, or press ? or * to list all spells.
The spell is quite dangerous to miscast (14% risk of failure)!
Continue anyway?
Aiming: Mephitic Cloud (quite dangerous; 14% risk of failure)
Press: ? - help, Shift-Dir - straight line, p - iguana That beam is likely to hit you.
Continue anyway?
Okay, then.
Unknown command.
Unknown command.
You hit the iguana.
You kill the iguana!
Your Conjurations skill increases to level 3!
You have reached level 6!
Something hits you.
* * * LOW HITPOINT WARNING * * *
A magic dart appears from out of thin air!
The magic dart hits you!
You die...

#.#.....$.#..
#.#.......#..
....._......
#.......#.#
#.......#.# .....
#.## ...
#..####.####..#
#...
#....@.{o....##....
#######...>..#.....
#. ####o........
#.. #......... #.#
###........) #.##
#........... #..#
#....###.... #..#
##...# ..> #..#
##..# .


You could see an orc wizard and an orc.

Vanquished Creatures
  A hound (D:4)
  3 iguanas (D:4)
  Robin (D:2)
  4 adders
  A dart slug (D:1)
  2 orcs
  7 ball pythons
  9 endoplasms
  2 giant cockroaches
  12 goblins
  17 hobgoblins
  7 jackals
  6 kobolds
  5 quokkas
  9 bats
  7 frilled lizards
  6 rats
99 creatures vanquished.

Vanquished Creatures (collateral kills)
  A goblin (D:2)
  A hobgoblin (D:2)
  A jackal (D:3)
  A frilled lizard (D:2)
4 creatures vanquished.

Grand Total: 103 creatures vanquished

Notes
Turn   | Place    | Note
-------+----------+-------------------------------------------
     0 | D:1      | pokeman the Deep Elf Hedge Wizard began the quest for the
                  | Orb.
     0 | D:1      | Reached XP level 1. HP: 10/10 MP: 7/7
   251 | D:1      | Reached XP level 2. HP: 16/16 MP: 5/9
   468 | D:1      | Found a faded altar of an unknown god.
   765 | D:1      | Reached skill level 5 in Spellcasting
   877 | D:1      | Reached XP level 3. HP: 20/20 MP: 8/11
   881 | D:1      | Learned a level 3 spell: Mephitic Cloud
   884 | D:1      | Learned a level 2 spell: Call Imp
   887 | D:1      | Learned a level 2 spell: Blink
  1263 | D:2      | Noticed Robin
  1454 | D:2      | Reached skill level 1 in Fighting
  1474 | D:1      | Reached skill level 1 in Armour
  1944 | D:2      | Reached XP level 4. HP: 8/25 MP: 2/13
  1981 | D:2      | Killed Robin
  2635 | D:2      | Found Hytwukk's Distillery.
  2644 | D:2      | Bought a potion of degeneration for 13 gold pieces
  2644 | D:2      | Bought a potion of curing for 39 gold pieces
  3276 | D:3      | Reached XP level 5. HP: 29/29 MP: 10/15
  3325 | D:3      | Reached skill level 6 in Spellcasting
  3648 | D:4      | Found a staircase to the Ecumenical Temple.
  3654 | Temple   | Entered the Ecumenical Temple
  3818 | D:4      | Reached skill level 1 in Air Magic
  3818 | D:4      | Reached skill level 1 in Evocations
  4005 | D:4      | Reached skill level 1 in Poison Magic
  4028 | D:4      | Found an iron altar of Okawaru.
  4034 | D:4      | Reached XP level 6. HP: 10/34 MP: 3/17
  4034 | D:4      | Killed from afar by an orc wizard

Illustrated notes

Levels and vault maps discovered:
D:1:      sevenhm_arrival_forest_fort_small_4, layout_loops_ring,
          hellmonk_ecumenical_altar_inner_sanctum
D:2:      layout_rooms, serial_shops, nicolae_lakefront_shop,
          minmay_pentomino_q4, uniq_robin
D:3:      layout_basic
D:4:      layout_layer_cave, old_standard_altar,
          mainiacjoe_overflow_surrounded_room, minmay_temple_entry_ruins,
          minivault_5, nrook_mini_backslash
Temple:   nicolae_temple_bog_church

Skill      XL: |  1  2  3  4  5 |
---------------+----------------+-----
Spellcasting   | 5 6 |  6.5
Fighting       | 1 |  1.1
Armour         | 1 |  1.0
Conjurations   | 2 3 |  3.0
Dodging        | 3 |  3.0
Stealth        | 3 |  3.0
Air Magic      | 1 |  1.1
Evocations     | 1 |  1.0
Poison Magic   | 1 |  1.0
Summonings     | |  1.1
Translocations | |  1.1

Action                     |  1- 3 |  4- 6 || total
---------------------------+-------+-------++-------
  Melee: Dagger            |    30 |    18 ||    48
         Punch             |     2 |       ||     2
   Cast: Magic Dart        |   121 |   132 ||   253
         Mephitic Cloud    |     3 |     4 ||     7
         Call Imp          |     2 |     1 ||     3
   Stab: Confused          |       |     1 ||     1
 Armour: Robe              |    16 |     5 ||    21
  Dodge: Dodged            |    52 |    46 ||    98

Table legend: (Time is in decaauts)
 A = Elapsed time spent in this place.
 B = Non-inter-level travel time spent in this place.
 C = Inter-level travel time spent in this place.
 D = Time resting spent in this place.
 E = Time spent auto-exploring this place.
 F = Levels seen in this place.
 G = Mean time per level.
                   A        B        C        D        E       F      G
               +--------+--------+--------+--------+--------+-----+--------+
         Total |   4031 |   3929 |    102 |    303 |   3078 |   5 |  806.2 |
       Dungeon |   3929 |   3827 |    102 |    205 |   3078 |   4 |  982.2 |
        Temple |    102 |    102 |      0 |     98 |      0 |   1 |  102.0 |
               +--------+--------+--------+--------+--------+-----+--------+

Top non-repeatable levels by time:
     D:1: 1382 daAuts
     D:2: 1320 daAuts
     D:3: 888 daAuts
     D:4: 338 daAuts
  Temple: 102 daAuts
